[Event "Titled Tuesday Blitz May 9 Late 2023"]
[White "Nastase, Robert-Paul"]
[Black "Wadsworth, Matthew J"]
[WhiteFideId "1221175"]
[BlackFideId "415804"]
[WhiteElo "2175"]
[BlackElo "2347"]
[Result "0-1"]
[Round "01"]
[TimeControl "180+2"]
[Date "2023.05.09"]
[WhiteClock "0:00:00"]
[BlackClock "0:00:03"]

1. e4 c5 2. Nc3 e6 3. d4 cxd4 4. Qxd4 Nc6 5. Qd3 Nf6 6. Qg3 d5 7. exd5 Nxd5 8. Bd2 Bd6 9. Qxg7 Be5 10. Qh6 Nxc3 11. Bxc3 Bxc3+ 12. bxc3 Bd7 13. Bd3 Qa5 14. Ne2 O-O-O 15. O-O Ne5 16. Qh5 Bc6 17. Nf4 Rdg8 18. Kh1 h6 19. h4 Rg4 20. Rae1 f5 21. Bxf5 exf5 22. Qxf5+ Kb8 23. Rxe5 Rxh4+ 24. Kg1 Qxc3 25. Nh3 Rg8 26. f3 Qd4+ 27. Kh2 Qc4 28. Re7 Qxf1 29. Qe5+ Ka8 0-1


[Site "https://www.chess.com"]

[Event "Titled Tuesday Blitz May 9 Late 2023"]
[White "Poltorak, Sebastian"]
[Black "Ryan, Joseph"]
[WhiteFideId "1199498"]
[BlackFideId "2500426"]
[WhiteElo "2195"]
[BlackElo "2288"]
[Result "0-1"]
[Round "01"]
[TimeControl "180+2"]
[Date "2023.05.09"]
[WhiteClock "0:01:13"]
[BlackClock "0:01:29"]

1. e4 e6 2. Nc3 d5 3. exd5 exd5 4. d4 Bb4 5. Bd3 Nc6 6. Ne2 Nge7 7. Bg5 f6 8. Bh4 O-O 9. Qd2 Bf5 10. O-O-O Bxd3 11. Qxd3 Qd7 12. a3 Bxc3 13. Nxc3 Ng6 14. Bg3 Nce7 15. Rhe1 c6 16. Na4 b6 17. Nc3 Rfe8 18. Re2 a5 19. Rde1 Kf7 20. h4 h5 21. Na4 b5 22. Nb6 Qf5 23. Nxa8 Qxd3 24. cxd3 Rxa8 25. Kd2 Nf5 26. Kc3 Ra7 27. Re8 Nfxh4 28. Bxh4 Nxh4 29. Rh8 Nxg2 30. Rg1 Nf4 31. Re1 Re7 32. Rxe7+ Kxe7 33. Kd2 g5 34. Ke3 Ke6 35. Rc8 h4 36. b3 h3 37. a4 bxa4 38. bxa4 Kf5 39. f3 h2 40. Rh8 Ng2+ 41. Kf2 Nh4 42. Rxh4 gxh4 43. Kg2 Kf4 0-1


[Site "https://www.chess.com"]

[Event "Titled Tuesday Blitz May 9 Late 2023"]
[White "Bueno, Alfeu Junior Varela"]
[Black "Kim, Sergey"]
[WhiteFideId "2108879"]
[BlackFideId "13700570"]
[WhiteElo "2175"]
[BlackElo "2602"]
[Result "0-1"]
[Round "01"]
[TimeControl "180+2"]
[Date "2023.05.09"]
[WhiteClock "0:00:00"]
[BlackClock "0:00:13"]

1. e4 e5 2. Nc3 Nf6 3. f4 d5 4. fxe5 Nxe4 5. Qf3 Nxc3 6. dxc3 c5 7. Bf4 Be6 8. O-O-O Qa5 9. c4 Qxa2 10. cxd5 Bd7 11. Qa3 Qxa3 12. bxa3 Na6 13. e6 fxe6 14. dxe6 Bc6 15. Nf3 c4 16. Bxc4 Bxa3+ 17. Kb1 Rc8 18. Ne5 Nc7 19. Nxc6 bxc6 20. Rd7 Nd5 21. Bxd5 cxd5 22. Rxa7 Bc5 23. Rxg7 Rf8 24. Be5 Rc6 25. e7 Bxe7 26. Rxh7 Rf2 27. Re1 Re6 28. g4 Bf6 29. Rh6 Kf7 30. Rh5 Kg6 31. Kc1 Bg5+ 32. Kb2 Rc6 33. Rd1 Rfxc2+ 34. Kb3 R2c5 35. Bd4 Rb5+ 36. Ka4 Rb7 0-1


[Site "https://www.chess.com"]

[Event "Titled Tuesday Blitz May 9 Late 2023"]
[White "Kourkoulos-Arditis, Stamatis"]
[Black "Pace, Christopher"]
[WhiteFideId "4221990"]
[BlackFideId "2610167"]
[WhiteElo "2400"]
[BlackElo "2283"]
[Result "1-0"]
[Round "01"]
[TimeControl "180+2"]
[Date "2023.05.09"]
[WhiteClock "0:02:08"]
[BlackClock "0:00:43"]

1. Nf3 g6 2. g3 Bg7 3. c4 e5 4. Nc3 Nc6 5. Bg2 Nge7 6. O-O O-O 7. d3 h6 8. Rb1 a5 9. a3 d5 10. cxd5 Nxd5 11. Nxd5 Qxd5 12. Be3 a4 13. Nd4 Qd7 14. Nxc6 bxc6 15. Qc1 Ra6 16. Bxh6 Re8 17. Bxg7 Kxg7 18. Qc3 Rb6 19. b4 axb3 20. Rxb3 Bb7 21. Rfb1 Rxb3 22. Rxb3 Ba8 23. h4 Qd6 24. Rb4 c5 25. Rc4 Bxg2 26. Kxg2 Qd5+ 27. f3 Re6 28. Rxc5 Qa2 29. Rxe5 1-0


[Site "https://www.chess.com"]

[Event "Titled Tuesday Blitz May 9 Late 2023"]
[White "lluiss"]
[Black "Plotnikov, Pavel"]
[BlackFideId "4170342"]
[WhiteElo "2283"]
[BlackElo "2298"]
[Result "1/2-1/2"]
[Round "01"]
[TimeControl "180+2"]
[Date "2023.05.09"]
[WhiteClock "0:00:12"]
[BlackClock "0:00:20"]

1. Nf3 e6 2. c4 d5 3. cxd5 exd5 4. d4 Nf6 5. Nc3 Bd6 6. Qc2 c6 7. Bg5 O-O 8. e3 Bg4 9. Ne5 Bh5 10. Bd3 Bg6 11. Nxg6 hxg6 12. Bh4 Nbd7 13. Bg3 Qe7 14. Bxd6 Qxd6 15. O-O Ng4 16. g3 f5 17. Ne2 Ndf6 18. Nf4 g5 19. Ng6 Nxh2 20. Nxf8 Nxf1 21. Rxf1 Rxf8 22. Bxf5 Qe7 23. Qe2 Ne4 24. Bxe4 Qxe4 25. f3 Qe6 26. g4 Re8 27. Re1 Qd6 28. Kg2 Re6 29. Rh1 Qe7 30. Kf2 Qb4 31. Rh5 Rh6 32. Rxh6 gxh6 33. Kg3 Kg7 34. f4 gxf4+ 35. Kxf4 Qe7 36. Kg3 Qe4 37. Qf3 Qxf3+ 38. Kxf3 Kf6 39. Kf4 b6 40. b4 Kg6 41. e4 dxe4 42. Kxe4 Kg5 43. Kf3 Kf6 44. Kf4 Ke6 45. Ke4 b5 46. a3 a6 47. Ke3 Kd6 48. Ke2 Kd5 49. Kd3 Ke6 50. Ke4 Kf6 51. Kf4 Kg6 52. Kf3 Kg5 53. Kg3 Kf6 54. Kf4 Ke6 55. Ke4 Kd6 56. Ke3 Ke7 57. Ke4 Kf6 58. Kf4 1/2-1/2


[Site "https://www.chess.com"]

[Event "Titled Tuesday Blitz May 9 Late 2023"]
[White "Hjartarson, Johann"]
[Black "Cooklev, Steven"]
[WhiteFideId "2300044"]
[BlackFideId "2050552"]
[WhiteElo "2407"]
[BlackElo "2280"]
[Result "1-0"]
[Round "01"]
[TimeControl "180+2"]
[Date "2023.05.09"]
[WhiteClock "0:00:10"]
[BlackClock "0:00:08"]

1. e4 c5 2. Nf3 Nc6 3. d4 cxd4 4. Nxd4 e5 5. Nb5 d6 6. c4 Be6 7. N1c3 a6 8. Na3 g6 9. Be2 Bg7 10. O-O Nf6 11. Nc2 O-O 12. Bg5 h6 13. Bxf6 Qxf6 14. Qd3 Rac8 15. b3 Qh4 16. Rad1 Nd4 17. Nxd4 exd4 18. Nd5 f5 19. exf5 Bxf5 20. Qg3 Qxg3 21. hxg3 Rfe8 22. Bf3 b5 23. g4 Bc2 24. Rd2 d3 25. cxb5 axb5 26. Nb4 Bc3 27. Rxc2 dxc2 28. Nxc2 Be5 29. Nb4 Kg7 30. Rd1 Rf8 31. Be4 Rf4 32. f3 h5 33. gxh5 gxh5 34. g3 Rff8 35. f4 Bc3 36. Nd5 Ba5 37. Ne7 Rc7 38. Nf5+ Kh8 39. Rxd6 Rcf7 40. Rh6+ Rh7 41. Ra6 Bb4 42. Nh4 Bc5+ 43. Kg2 Re7 44. Ng6+ Kg7 45. Nxe7 Bxe7 46. Rg6+ Kf7 47. Rh6 h4 48. g4 Rd8 49. Kf3 Rd2 50. Rh7+ Ke6 51. g5 Bc5 52. f5+ Ke5 53. f6 Rf2+ 54. Kg4 Kxe4 55. Re7+ Bxe7 56. fxe7 Rg2+ 57. Kh5 Kf5 58. e8=Q Rxg5+ 59. Kxh4 Rg6 60. Qf7+ Rf6 61. Qd5+ Kg6 62. Qxb5 Rf4+ 63. Kg3 Rf5 64. Qc6+ Kg5 65. Qd6 1-0


[Site "https://www.chess.com"]

[Event "Titled Tuesday Blitz May 9 Late 2023"]
[White "Vaglio Munoz, Jaime"]
[Black "Kleiman, Jake"]
[WhiteFideId "6500145"]
[BlackFideId "2020041"]
[WhiteElo "2199"]
[BlackElo "2598"]
[Result "0-1"]
[Round "01"]
[TimeControl "180+2"]
[Date "2023.05.09"]
[WhiteClock "0:00:31"]
[BlackClock "0:00:28"]

1. Nf3 d5 2. b4 e6 3. a3 Nf6 4. Bb2 Be7 5. g3 O-O 6. Bg2 a5 7. b5 a4 8. d3 b6 9. O-O Bb7 10. c4 dxc4 11. dxc4 Nbd7 12. Nc3 Nc5 13. Ne5 Bxg2 14. Kxg2 Qc8 15. Nc6 Re8 16. f3 Nb3 17. Ra2 Nc5 18. e4 Bf8 19. Ne2 Nfd7 20. Ned4 e5 21. Nf5 Nb8 22. Nb4 Qe6 23. Qe2 Nb3 24. Bc3 Nd7 25. Nd5 Rac8 26. Bb4 Ndc5 27. Rd1 g6 28. Nfe3 Nd4 29. Qf2 f5 30. exf5 gxf5 31. g4 f4 32. Nf1 Bg7 33. Nc3 Rcd8 34. Bxc5 bxc5 35. Nd5 e4 36. Re1 exf3+ 37. Kh3 Qh6+ 38. Qh4 Qxh4+ 39. Kxh4 Rxe1 40. Nd2 f2 41. Kh3 Re2 42. Kg2 f3+ 43. Kf1 Rde8 44. Nf4 Bh6 45. Nxf3 Rxa2 46. Nd5 Nxf3 47. Nf6+ Kf7 48. Nxe8 Nxh2+ 49. Kg2 f1=Q+ 50. Kg3 Qf3+ 51. Kh4 Qxg4# 0-1


[Site "https://www.chess.com"]

[Event "Titled Tuesday Blitz May 9 Late 2023"]
[White "Ismagilov, Damir"]
[Black "Escalante Ramirez, Rafael"]
[WhiteFideId "34199982"]
[BlackFideId "3900177"]
[WhiteElo "2143"]
[BlackElo "2273"]
[Result "1-0"]
[Round "01"]
[TimeControl "180+2"]
[Date "2023.05.09"]
[WhiteClock "0:00:19"]
[BlackClock "0:00:00"]

1. f4 Nf6 2. Nf3 g6 3. b3 Bg7 4. Bb2 d6 5. e3 c5 6. Be2 Nc6 7. O-O Bg4 8. h3 Bd7 9. Nc3 O-O 10. d3 Rb8 11. a4 a6 12. Qd2 b5 13. Kh2 b4 14. Nd1 d5 15. Ne5 Qc7 16. Nf2 Rbc8 17. Nxc6 Bxc6 18. Be5 Qb7 19. Bf3 d4 20. Bxc6 Qxc6 21. e4 Nd7 22. Bxg7 Kxg7 23. Qe2 e6 24. e5 Nb6 25. Ne4 Nd5 26. Rf2 Nc3 27. Nxc3 dxc3 28. Qf3 Rfd8 29. Kg3 Rd4 30. Qxc6 Rxc6 31. Re1 Rc8 32. Rfe2 Rcd8 33. Re4 Kf8 34. Kf3 Ke7 35. Rxd4 cxd4 36. Re4 Rd5 37. g4 h6 38. Re1 Rd8 39. Ke4 f5+ 40. exf6+ Kxf6 41. Rf1 Rd5 42. Rf2 Rd7 43. f5 exf5+ 44. gxf5 g5 45. Rg2 h5 46. Rf2 Rd8 47. Rg2 Rd7 48. h4 g4 49. Rf2 Rd8 50. Rf4 Rd7 51. Rf2 Rd8 52. Kf4 Re8 53. Kg3 Re3+ 54. Kg2 Re1 55. Kg3 Re3+ 56. Kg2 Re1 57. Rf4 Re2+ 58. Kg3 Re3+ 59. Kf2 g3+ 60. Kg2 Re2+ 61. Kxg3 Rxc2 62. Rxd4 Rb2 63. Rxb4 c2 64. Rc4 Kxf5 65. Rc5+ Ke6 66. b4 1-0


[Site "https://www.chess.com"]

[Event "Titled Tuesday Blitz May 9 Late 2023"]
[White "Romero Ruscalleda, Josep"]
[Black "Adewumi, Tanitoluwa"]
[WhiteFideId "2231859"]
[BlackFideId "30966396"]
[WhiteElo "2183"]
[BlackElo "2580"]
[Result "1-0"]
[Round "01"]
[TimeControl "180+2"]
[Date "2023.05.09"]
[WhiteClock "0:00:48"]
[BlackClock "0:00:03"]

1. e4 c5 2. c3 Nf6 3. e5 Nd5 4. Nf3 e6 5. d4 Nc6 6. a3 cxd4 7. cxd4 d6 8. Bd3 Qc7 9. O-O dxe5 10. dxe5 Nxe5 11. Nxe5 Qxe5 12. Bb5+ Bd7 13. Bxd7+ Kxd7 14. Re1 Qd6 15. Qf3 Be7 16. Nc3 Nxc3 17. bxc3 Ke8 18. Qxb7 Qd5 19. Qa6 Qd6 20. Qa4+ Qd7 21. Qg4 Bf6 22. Bf4 h5 23. Qf3 Rc8 24. Rad1 Qc6 25. Qd3 Kf8 26. Re3 Kg8 27. Bd6 h4 28. h3 Rh5 29. Bb4 Rd5 30. Qe2 a5 31. Rxd5 Qxd5 32. Rd3 Qb5 33. Bd6 Qc6 34. Be5 Bxe5 35. Qxe5 Qa4 36. Rd4 Qxa3 37. Rg4 g6 38. Rxh4 Kf8 39. Qf6 Qc1+ 40. Kh2 Ke8 41. Rh8+ Kd7 42. Qd4+ Kc7 43. Qc4+ Kd6 44. Rxc8 Qg5 45. Qc7+ Kd5 46. Qc5+ Ke4 47. Qxg5 1-0


[Site "https://www.chess.com"]

[Event "Titled Tuesday Blitz May 9 Late 2023"]
[White "ATM622"]
[Black "Martinez, Shawn"]
[BlackFideId "2039770"]
[WhiteElo "2579"]
[BlackElo "2174"]
[Result "1-0"]
[Round "01"]
[TimeControl "180+2"]
[Date "2023.05.09"]
[WhiteClock "0:01:39"]
[BlackClock "0:00:00"]

1. d4 Nf6 2. c4 g6 3. g3 Bg7 4. Bg2 d6 5. Nf3 O-O 6. O-O Nbd7 7. Nc3 c6 8. Qc2 e5 9. Rd1 Qe7 10. b3 Re8 11. e3 a5 12. Ba3 exd4 13. exd4 Bf8 14. Re1 Qd8 15. h4 b6 16. Ng5 Qc7 17. Rxe8 Nxe8 18. Nb5 cxb5 19. Bxa8 b4 20. Bb2 Ndf6 21. Bg2 Bf5 22. Qe2 h5 23. Re1 Qd7 24. d5 a4 25. Qd2 a3 26. Ba1 Bh6 27. Qxb4 Ng4 28. Qxb6 Nef6 29. Qb8+ Kg7 30. Re8 Ne5 31. Rxe5 dxe5 32. Qxe5 Qd8 33. d6 1-0


[Site "https://www.chess.com"]

[Event "Titled Tuesday Blitz May 9 Late 2023"]
[White "Svicevic, Rastko"]
[Black "cryptoguru02"]
[WhiteFideId "916315"]
[WhiteElo "2115"]
[BlackElo "2579"]
[Result "0-1"]
[Round "01"]
[TimeControl "180+2"]
[Date "2023.05.09"]
[WhiteClock "0:00:00"]
[BlackClock "0:00:25"]

1. d4 g6 2. e4 Bg7 3. c3 d6 4. Bd3 Nc6 5. Ne2 e5 6. a3 Bd7 7. Be3 Nf6 8. d5 Ne7 9. Nd2 Ng4 10. Nf1 Nxe3 11. Nxe3 O-O 12. O-O Bh6 13. Qc2 c6 14. c4 Rc8 15. Qb3 Qb6 16. Qxb6 axb6 17. Nd1 f5 18. Ndc3 Rfd8 19. Rfd1 Be8 20. b4 Ra8 21. Ra2 c5 22. bxc5 bxc5 23. Rb1 Ra7 24. Rb6 Nc8 25. Rb3 b6 26. Nb5 Bxb5 27. Rxb5 fxe4 28. Bxe4 Ra6 29. Bc2 Kf7 30. Rb3 Ke7 31. Nc3 Kd7 32. Ne4 Rf8 33. a4 Kc7 34. Bd3 Ne7 35. f3 Nf5 36. a5 Rxa5 37. Rxa5 bxa5 38. Ra3 Ra8 39. Nc3 Nd4 40. Nb5+ Nxb5 41. cxb5 Bc1 42. Ra4 Bd2 43. Kf1 Bb4 44. Ke2 Kb6 45. Bc4 Rf8 0-1


[Site "https://www.chess.com"]

[Event "Titled Tuesday Blitz May 9 Late 2023"]
[White "Janaszak, Dawid"]
[Black "Delorme, Alban"]
[WhiteFideId "1119206"]
[BlackFideId "623636"]
[WhiteElo "2220"]
[BlackElo "2196"]
[Result "1-0"]
[Round "01"]
[TimeControl "180+2"]
[Date "2023.05.09"]
[WhiteClock "0:01:05"]
[BlackClock "0:00:30"]

1. e4 c5 2. Nc3 Nc6 3. Bb5 Nd4 4. Nf3 g6 5. O-O Bg7 6. e5 a6 7. Bc4 d6 8. exd6 Qxd6 9. Ne4 Qc7 10. c3 Nxf3+ 11. Qxf3 Nf6 12. d3 O-O 13. Bf4 Qb6 14. Nxf6+ Bxf6 15. Rab1 Bd7 16. Rfe1 Bb5 17. Be5 Bxc4 18. dxc4 Bxe5 19. Rxe5 e6 20. Qe3 Rac8 21. h4 h5 22. g4 hxg4 23. h5 Kg7 24. hxg6 Rh8 25. gxf7 Qc6 26. Re4 Rcf8 27. Rd1 Rxf7 28. Qg5+ Kh7 29. Qh5+ Kg8 30. Rd8+ Rf8 31. Qg6# 1-0


[Site "https://www.chess.com"]

[Event "Titled Tuesday Blitz May 9 Late 2023"]
[White "Harish, Neeraj"]
[Black "Hnydiuk, Aleksander"]
[WhiteFideId "30958130"]
[BlackFideId "1109057"]
[WhiteElo "1879"]
[BlackElo "2374"]
[Result "1-0"]
[Round "01"]
[TimeControl "180+2"]
[Date "2023.05.09"]
[WhiteClock "0:00:07"]
[BlackClock "0:00:06"]

1. e4 Nf6 2. e5 Nd5 3. c4 Nb6 4. d4 d6 5. exd6 exd6 6. Bd3 Be7 7. Nf3 Bg4 8. h3 Bh5 9. Be3 Nc6 10. Nc3 O-O 11. O-O Bf6 12. Be2 Bxf3 13. Bxf3 Nxc4 14. Qc2 Re8 15. Rfe1 Nxe3 16. fxe3 Bg5 17. Qf2 Qd7 18. e4 Bf6 19. Rad1 Be7 20. Nd5 Bf8 21. Bg4 Qd8 22. Rf1 f6 23. Rfe1 Nb8 24. Nf4 c6 25. d5 Nd7 26. Bxd7 Qxd7 27. Ne6 Rxe6 28. dxe6 Qxe6 29. Qg3 Re8 30. a3 g6 31. Qc3 Bh6 32. Qa5 a6 33. Qb4 Qe7 34. Qxd6 Qf7 35. Rf1 Bg7 36. Qd7 Re7 37. Qd8+ Re8 38. Qd7 Re7 39. Qd3 h5 40. Qf3 Qe6 41. Rfe1 Qe5 42. Qd3 Kh7 43. Qb3 b5 44. Qc3 Qe6 45. Qb4 Bh6 46. Rd6 Qf7 47. Rxc6 Bf4 48. Qc3 Be5 49. Qe3 Rd7 50. Qf3 Bd4+ 51. Kh1 Be5 52. Rec1 Qe7 53. Rc8 Bc7 54. Qb3 Qf7 55. Qxf7+ Rxf7 56. R1xc7 Rxc7 57. Rxc7+ Kh6 58. Ra7 Kg5 59. Rxa6 Kf4 60. Rb6 Kxe4 61. Rxb5 f5 62. Rb6 f4 63. a4 f3 64. a5 f2 65. Rf6 Ke3 66. g3 g5 67. Kg2 g4 68. hxg4 hxg4 69. Rxf2 1-0


[Site "https://www.chess.com"]

[Event "Titled Tuesday Blitz May 9 Late 2023"]
[White "Ibadov, Dashgyn"]
[Black "Semenenko, Dmytry"]
[WhiteFideId "24107514"]
[BlackFideId "14118645"]
[WhiteElo "2208"]
[BlackElo "2113"]
[Result "1-0"]
[Round "01"]
[TimeControl "180+2"]
[Date "2023.05.09"]
[WhiteClock "0:00:21"]
[BlackClock "0:00:04"]

1. e4 Nf6 2. e5 Nd5 3. d4 d6 4. c4 Nb6 5. f4 dxe5 6. fxe5 Nc6 7. Be3 Bf5 8. Nc3 e6 9. Nf3 Bg4 10. Be2 Bxf3 11. gxf3 Qh4+ 12. Bf2 Qf4 13. Qd2 Qxd2+ 14. Kxd2 O-O-O 15. d5 exd5 16. cxd5 Nxd5 17. Kc2 Nxc3 18. bxc3 Nxe5 19. f4 Nc6 20. Rhg1 g6 21. f5 Bd6 22. h4 Rhe8 23. Bg4 Ne5 24. Be2 gxf5 25. Bd4 Ng4 26. Bd3 Ne3+ 27. Kd2 Bf4 28. Rg7 c5 29. Bxc5 Rd5 30. Bd4 Re7 31. Rxh7 Ng4+ 32. Kc2 b6 33. h5 Kb7 34. Rf1 Be3 35. Bxf5 Bxd4 36. Bxg4 Rc7 37. Rfxf7 Be5 38. Rxc7+ Bxc7 39. Bf3 1-0


[Site "https://www.chess.com"]

[Event "Titled Tuesday Blitz May 9 Late 2023"]
[White "Rodriguez Santiago, Jaime"]
[Black "Nikologorskiy, Konstantin"]
[WhiteFideId "3100898"]
[BlackFideId "24111708"]
[WhiteElo "2025"]
[BlackElo "2273"]
[Result "0-1"]
[Round "01"]
[TimeControl "180+2"]
[Date "2023.05.09"]
[WhiteClock "0:00:45"]
[BlackClock "0:01:58"]

1. c4 e5 2. Nc3 Bb4 3. g3 Bxc3 4. dxc3 Nc6 5. e4 d6 6. f3 Nge7 7. Nh3 Be6 8. b3 O-O 9. Be3 f5 10. Ng5 Bd7 11. exf5 Bxf5 12. Bg2 h6 13. Ne4 Qd7 14. Qd2 Bh3 15. O-O-O Bxg2 16. Qxg2 a5 17. g4 a4 18. b4 Qe6 19. Qe2 Qf7 20. Rdf1 d5 21. cxd5 Nxd5 22. Bd2 Ndxb4 23. cxb4 Qxa2 24. Qd3 Nd4 25. Nc5 b6 26. Qb1 Ne2+ 0-1


[Site "https://www.chess.com"]

[Event "Titled Tuesday Blitz May 9 Late 2023"]
[White "Mortazavi, Ali"]
[Black "StarkyNZ"]
[WhiteFideId "401323"]
[WhiteElo "2339"]
[BlackElo "2258"]
[Result "1-0"]
[Round "01"]
[TimeControl "180+2"]
[Date "2023.05.09"]
[WhiteClock "0:00:36"]
[BlackClock "0:00:02"]

1. Nf3 b6 2. g3 Bb7 3. Bg2 e6 4. O-O Nf6 5. d3 d6 6. e4 Nbd7 7. a4 a6 8. Nc3 Be7 9. Re1 O-O 10. d4 c5 11. e5 dxe5 12. dxe5 Nd5 13. Ne4 c4 14. Bg5 h6 15. Bxe7 Qxe7 16. Qe2 b5 17. a5 Nc5 18. Nd6 Rad8 19. Nd4 Ba8 20. f4 g6 21. h4 h5 22. Kh2 Rxd6 23. exd6 Qxd6 24. Rad1 Qc7 25. Qe5 Qxa5 26. f5 Nd7 27. Qd6 N7f6 28. fxe6 Ng4+ 29. Kg1 Rd8 30. exf7+ Kxf7 31. Qe6+ Kg7 32. c3 Qc7 33. Qxg4 hxg4 34. Ne6+ Kf6 35. Nxc7 Nxc7 36. Rxd8 Bxg2 37. Kxg2 Ne6 38. Rd6 1-0


[Site "https://www.chess.com"]

[Event "Titled Tuesday Blitz May 9 Late 2023"]
[White "Boder, Jan"]
[Black "Lorenzo De La Riva, Lazaro"]
[WhiteFideId "16243226"]
[BlackFideId "2268809"]
[WhiteElo "2241"]
[BlackElo "2294"]
[Result "1-0"]
[Round "01"]
[TimeControl "180+2"]
[Date "2023.05.09"]
[WhiteClock "0:00:04"]
[BlackClock "0:00:23"]

1. c4 Nf6 2. g3 e6 3. Bg2 d5 4. Nf3 Be7 5. O-O O-O 6. d4 c6 7. Nc3 b6 8. b3 a5 9. Qd3 Ba6 10. e4 b5 11. Ne5 bxc4 12. bxc4 Nfd7 13. exd5 cxd5 14. Rd1 Nxe5 15. dxe5 Bxc4 16. Qxc4 dxc4 17. Rxd8 Rxd8 18. Bxa8 Nd7 19. Be4 Nxe5 20. Be3 Nd3 21. Bb6 Rc8 22. Bxa5 f5 23. Bxd3 cxd3 24. Rd1 Ra8 25. Bb6 Bf6 26. Rxd3 Ra3 27. Bd8 Rxc3 28. Rxc3 Bxc3 29. a4 Kf7 30. a5 Ke8 31. Bb6 Kd7 32. a6 Kc6 33. a7 Kb7 34. Be3 e5 35. f4 e4 36. Kf2 h6 37. h3 g5 38. fxg5 hxg5 39. Ke2 f4 40. gxf4 gxf4 41. Bxf4 Kxa7 42. Ke3 Kb7 43. Kxe4 Kc6 44. Kf5 Kd7 45. Kg6 Ke8 46. h4 Kf8 47. h5 Kg8 48. h6 Kh8 49. Bd6 Bd4 50. Bf8 Bc3 51. Bg7+ Bxg7 52. hxg7+ Kg8 53. Kh6 Kf7 54. Kh7 1-0


[Site "https://www.chess.com"]

[Event "Titled Tuesday Blitz May 9 Late 2023"]
[White "Bruedigam, Martin"]
[Black "Leschinsky, Gary"]
[WhiteFideId "24608033"]
[BlackFideId "30951321"]
[WhiteElo "2331"]
[BlackElo "1855"]
[Result "0-1"]
[Round "01"]
[TimeControl "180+2"]
[Date "2023.05.09"]
[WhiteClock "0:00:11"]
[BlackClock "0:01:16"]

1. d4 Nf6 2. c4 e6 3. Nc3 Bb4 4. Bd2 O-O 5. Nf3 d5 6. e3 c5 7. a3 Bxc3 8. Bxc3 Ne4 9. Rc1 Nxc3 10. Rxc3 cxd4 11. Nxd4 e5 12. Nf3 d4 13. exd4 e4 14. Ne5 Re8 15. Be2 f6 16. Ng4 Nc6 17. d5 Bxg4 18. Bxg4 Ne5 19. Be6+ Kh8 20. O-O g6 21. Qd2 Rxe6 22. Qd4 Re8 23. c5 Rc8 24. b4 Qd7 25. Qxe4 Kg7 26. h3 Rcd8 27. Rd1 Nf7 28. Qd4 Qf5 29. d6 Qe5 30. a4 Rd7 31. Qc4 Qe6 32. Qb5 a6 33. Qd3 Ne5 34. Qd4 Nc6 35. Qf4 Qe5 36. Qxe5 fxe5 37. b5 axb5 38. axb5 Nd4 39. f4 Ne2+ 0-1


[Site "https://www.chess.com"]

[Event "Titled Tuesday Blitz May 9 Late 2023"]
[White "Roman, Rodrigo"]
[Black "Haydon, David L"]
[WhiteFideId "3701220"]
[BlackFideId "415405"]
[WhiteElo "1995"]
[BlackElo "2326"]
[Result "1-0"]
[Round "01"]
[TimeControl "180+2"]
[Date "2023.05.09"]
[WhiteClock "0:00:07"]
[BlackClock "0:00:13"]

1. Nf3 c6 2. c4 d5 3. d4 Nf6 4. Nc3 dxc4 5. a4 Bf5 6. e3 e6 7. Bxc4 Bb4 8. O-O Nbd7 9. Qb3 a5 10. Na2 c5 11. Rd1 Qc7 12. Nxb4 cxb4 13. Bd3 Bxd3 14. Qxd3 O-O 15. b3 Rac8 16. Bd2 Rfd8 17. Rac1 Qb6 18. e4 h6 19. h3 Rxc1 20. Rxc1 Nc5 21. dxc5 Rxd3 22. cxb6 Nxe4 23. Be3 Rxb3 24. Rc8+ Kh7 25. Rc7 Rc3 26. Bd4 Rxc7 27. bxc7 Nd6 28. Ne5 f6 29. Nc4 Nc8 30. Nxa5 b6 31. Nc6 b3 32. Bb2 Kg6 33. Nd4 e5 34. Nxb3 Kf5 35. a5 Ke6 36. axb6 Nxb6 37. Ba3 Kd7 38. Bf8 g6 39. Bxh6 Kxc7 40. Bg7 Nd5 41. Nc5 Kd6 42. Ne4+ Ke6 43. g3 Kf7 44. Bh6 f5 45. Nd2 Kf6 46. Be3 g5 47. Bc5 Ke6 48. Ba3 e4 49. Bb2 Kf7 50. Nc4 Ke6 51. Kg2 f4 52. g4 f3+ 53. Kh2 Nf4 54. Bd4 Ng2 55. Be3 Kf6 56. Nd2 Nxe3 57. fxe3 Ke5 58. Kg3 Kd5 59. Nf1 Kc4 60. Kf2 Kd3 61. Ng3 Kd2 62. Nxe4+ Kd3 63. Nxg5 1-0


[Site "https://www.chess.com"]

[Event "Titled Tuesday Blitz May 9 Late 2023"]
[White "Taboas Rodriguez, Daniel"]
[Black "Nepo"]
[WhiteFideId "2208466"]
[WhiteElo "2365"]
[BlackElo "2242"]
[Result "1-0"]
[Round "01"]
[TimeControl "180+2"]
[Date "2023.05.09"]
[WhiteClock "0:00:38"]
[BlackClock "0:00:19"]

1. d4 Nf6 2. Nf3 e6 3. c4 d5 4. Nc3 Bb4 5. e3 O-O 6. Bd3 Nbd7 7. O-O b6 8. cxd5 exd5 9. Qb3 Bxc3 10. bxc3 Bb7 11. a4 a5 12. Ba3 Re8 13. c4 Ba6 14. Rac1 Ne4 15. cxd5 Bxd3 16. Qxd3 Ndf6 17. Qb3 Qxd5 18. Qxd5 Nxd5 19. Rc6 Re6 20. Rfc1 Rae8 21. Ne5 f6 22. Rxe6 Rxe6 23. Nc4 Rc6 24. Bb2 Nb4 25. f3 Nd6 26. Nxd6 Rxc1+ 27. Bxc1 cxd6 28. Kf1 Kf7 29. Ke2 Ke6 30. e4 d5 31. Kd2 dxe4 32. fxe4 f5 33. exf5+ Kxf5 34. Ba3 Ke4 35. Kc3 Nd5+ 36. Kc4 Ne3+ 37. Kb5 Nc2 38. Bb2 Nxd4+ 39. Bxd4 Kxd4 40. Kxb6 Kc4 41. Kxa5 Kc5 42. Ka6 Kc6 43. g4 g5 44. a5 Kc7 45. Kb5 1-0


[Site "https://www.chess.com"]

[Event "Titled Tuesday Blitz May 9 Late 2023"]
[White "6PackPlayer"]
[Black "Vlassov, Nikolai"]
[BlackFideId "4103360"]
[WhiteElo "2239"]
[BlackElo "2324"]
[Result "0-1"]
[Round "01"]
[TimeControl "180+2"]
[Date "2023.05.09"]
[WhiteClock "0:00:02"]
[BlackClock "0:00:59"]

1. e4 c5 2. Nf3 d6 3. d4 cxd4 4. Nxd4 Nf6 5. Nc3 g6 6. f4 Nbd7 7. Bd3 Bg7 8. Nf3 O-O 9. O-O a6 10. Qe1 b5 11. e5 Ne8 12. Qh4 dxe5 13. fxe5 Nxe5 14. Nxe5 Bxe5 15. Qe4 Qd4+ 16. Be3 Qxe4 17. Bxe4 Rb8 18. Ba7 Nf6 19. Bxb8 Bxb8 20. Bf3 Bf5 21. Nd5 Nxd5 22. Bxd5 Bxc2 23. Rxf7 Rxf7 24. Rf1 Ba7+ 25. Kh1 Bf5 26. Bxf7+ Kxf7 27. g4 Kf6 28. gxf5 gxf5 29. Rc1 Bd4 30. Rc6+ Kg5 31. Rxa6 e5 32. b4 e4 33. Kg2 f4 34. Ra5 f3+ 35. Kg3 Be5+ 36. Kf2 Kf4 37. Rxb5 e3+ 38. Ke1 Bc3+ 39. Kd1 e2+ 40. Kc2 e1=Q 41. Rc5 Qd2+ 42. Kb3 Qb2+ 43. Kc4 Qxb4+ 0-1


[Site "https://www.chess.com"]

[Event "Titled Tuesday Blitz May 9 Late 2023"]
[White "Spitzl, Vinzent"]
[Black "Smith, Garrett L"]
[WhiteFideId "12901253"]
[BlackFideId "2024829"]
[WhiteElo "2225"]
[BlackElo "2229"]
[Result "0-1"]
[Round "01"]
[TimeControl "180+2"]
[Date "2023.05.09"]
[WhiteClock "0:00:36"]
[BlackClock "0:01:12"]

1. e4 c5 2. Nf3 Nc6 3. d4 cxd4 4. Nxd4 e5 5. Nb5 d6 6. N1c3 a6 7. Na3 Be7 8. Be3 Nf6 9. f3 O-O 10. Nc4 Be6 11. Nb6 Rb8 12. Nbd5 b5 13. Be2 b4 14. Nxf6+ Bxf6 15. Nd5 Bxd5 16. Qxd5 Nd4 17. Bxd4 exd4 18. Bxa6 d3 19. cxd3 Bxb2 20. Rb1 Bc3+ 21. Ke2 Ra8 22. Bc4 Ra5 23. Qc6 Qg5 24. Kf1 Qd2 25. Qb6 Rc5 26. Qxd6 Rxc4 27. Qd5 Rd4 28. Qb5 Qc2 0-1


[Site "https://www.chess.com"]

[Event "Titled Tuesday Blitz May 9 Late 2023"]
[White "Palacio,Igor Da Paz"]
[Black "Reprintsev, Alexander"]
[WhiteFideId "2121140"]
[BlackFideId "14100541"]
[WhiteElo "2126"]
[BlackElo "2218"]
[Result "1-0"]
[Round "01"]
[TimeControl "180+2"]
[Date "2023.05.09"]
[WhiteClock "0:00:40"]
[BlackClock "0:00:58"]

1. e4 d5 2. exd5 Qxd5 3. Nc3 Qa5 4. d4 Nf6 5. Bc4 Nc6 6. Bd2 Nxd4 7. Nb5 Qb6 8. Be3 e5 9. Nxd4 exd4 10. Qxd4 Qxd4 11. Bxd4 Be7 12. Nf3 O-O 13. O-O Bf5 14. c3 c5 15. Be3 Rad8 16. h3 a6 17. a4 Bd3 18. Bxd3 Rxd3 19. Rfd1 Rfd8 20. Rxd3 Rxd3 21. Kf1 Nd5 22. Ke2 c4 23. Ne5 Nxe3 24. Nxd3 Nc2 25. Rc1 cxd3+ 26. Kxd3 1-0


[Site "https://www.chess.com"]